 Dungeon Crawl Stone Soup version 0.31.0-11-ge490571c62 (webtiles) character file.

Game seed: 227571729344317404

167 qw the Skirmisher (level 5, -2/29 HPs)
             Began as a Deep Elf Hunter on Feb 3, 2024.
             Killed by divine providence
             ... invoked by an orc priest
              (16 damage)
             ... on level 3 of the Dungeon.
             The game lasted 00:00:08 (1842 turns).

qw the Skirmisher (Deep Elf Hunter)                 Turns: 1842, Time: 00:00:08

Health: -2/29      AC:  5    Str: 10    XL:     5   Next: 23%
Magic:  7/7        EV: 11    Int: 14    God:
Gold:   29         SH:  0    Dex: 18    Spells: 4/4 levels left

rFire   . . .        a - +0 shortbow (flame)
rCold   . . .        (shield currently unavailable)
rNeg    . . .        e - +0 ring mail
rPois   .            (no helmet)
rElec   .            (no cloak)
rCorr   .            (no gloves)
SInv    .            (no boots)
Will    .....        (no amulet)
Stlth   +            (no ring)
HPRegen 0.24/turn    (no ring)
MPRegen 0.10/turn

%: no passive effects
@: no status effects
A: no striking features
a: no special abilities


You were on level 3 of the Dungeon.
You visited 1 branch of the dungeon, and saw 3 of its levels.

You collected 29 gold pieces.


   Skills:
 - Level 1.5 Fighting
 + Level 8.7 Ranged Weapons
 - Level 2.4 Dodging
 - Level 1.2 Stealth


You had 4 spell levels left.
You didn't know any spells.
Your spell library was empty.

Inventory:

Hand Weapons
 a - a +0 shortbow of flaming (weapon)
Armour
 e - a +0 ring mail (worn)
Jewellery
 g - a ring of fire
Scrolls
 c - a scroll of teleportation {unknown}
 f - a scroll of enchant weapon {unknown}
Potions
 b - a potion of brilliance {unknown}
 d - a potion of heal wounds
 h - a potion of curing

Dungeon Overview and Level Annotations

Branches:
Dungeon (3/15)

Altars:


Message History

You kill the orc!
An orc comes into view. It is wielding a +0 flail.
The orc priest mumbles some strange prayers to Beogh against you.
Beogh smites you!
1818 ||| FLEEEEING.
1819 ||| FLEEEEING.
1820 ||| FLEEEEING.
1821 ||| FLEEEEING.
1822 ||| FLEEEEING.
1823 ||| FLEEEEING.
You start resting.
An orc is nearby!
1826 ||| FLEEEEING.
1827 ||| FLEEEEING.
1828 ||| FLEEEEING.
1829 ||| FLEEEEING.
1830 ||| FLEEEEING.
1831 ||| FLEEEEING.
1832 ||| FLEEEEING.
1833 ||| FLEEEEING.
1834 ||| FLEEEEING.
1835 ||| FLEEEEING.
1836 ||| FLEEEEING.
1837 ||| FLEEEEING.
A rat comes into view.
The rat squeaks loudly.
You shoot an arrow. The arrow barely misses the rat.
You shoot an arrow. The arrow hits the rat!
The arrow burns the rat.
You kill the rat!
The orc closely misses you.
You shoot an arrow. The arrow hits the orc.
The arrow burns the orc.
You kill the orc!
1841 ||| FLEEEEING.
The orc priest mumbles some strange prayers to Beogh against you.
Beogh smites you!
1842 ||| FLEEEEING.
The orc priest mumbles some strange prayers to Beogh against you.
Beogh smites you!
Ouch! That really hurt!
You die...

#. #.#####....# #.#
###.##.# ##.#o# #.#
.......# #.#.# #.#
###.#.## #.#.# #.#
#.#.# #.#o# #.######
## #.#.# #.#)#
#......# .. ##.#.##
#.#.# ######.# ##
##.....######.#.####
#.# ####
.....#..........@..#
#.# #...
.#.....##.......##.#
###.####...
.#..#.###.###.#.##.##
#.)........ .#..#.#
###.#...###.#.#####.#
......# #.........#.#
#.# ##..###
###...#####.# #.#
#..# ##........# #.#
#..### ########## #.#
##....###.# #.#


You could see an orc priest and an orc.

Vanquished Creatures
  A hound (D:2)
  A gnoll (D:1)
  6 adders
  2 ribbon worms (D:2)
  2 dart slugs
  2 orcs (D:3)
  3 bats
  6 endoplasms
  A giant cockroach (D:1)
  4 hobgoblins
  A quokka (D:1)
  8 ball pythons
  5 frilled lizards (D:2)
  5 goblins
  7 kobolds
  8 rats
62 creatures vanquished.

Notes
Turn   | Place    | Note
-------+----------+-------------------------------------------
     0 | D:1      | qw the Deep Elf Hunter began the quest for the Orb.
     0 | D:1      | Reached XP level 1. HP: 12/12 MP: 3/3
     0 | D:1      | 0 ||| qw: Version: 0.3-a-158-g18b3111
     0 | D:1      | 0 ||| qw: Game counter: 4197
     0 | D:1      | 0 ||| qw: Melee chars always use a shield: true
     0 | D:1      | 0 ||| qw: God list: Okawaru
     0 | D:1      | 0 ||| qw: Allow faded altars: false
     0 | D:1      | 0 ||| qw: Do Orc after clearing Dungeon:15 true
     0 | D:1      | 0 ||| qw: Do second Lair branch before Depths: true
     0 | D:1      | 0 ||| qw: Lair rune preference: random
     0 | D:1      | 0 ||| qw: Goals: Normal
     0 | D:1      | 0 ||| PLANNING D:1-11
    85 | D:1      | You fall into a shaft and drop 1 floor!
   104 | D:2      | Reached XP level 2. HP: 16/16 MP: 4/4
   105 | D:2      | Reached skill level 6 in Ranged Weapons
   166 | D:2      | 166 ||| READING 2 scrolls labelled MIBARIWEYSAZ.
   214 | D:2      | 214 ||| READING 2 scrolls labelled FINEZID QOININ.
   215 | D:2      | 215 ||| DROPPING scroll of butterflies.
   216 | D:2      | 216 ||| DROPPING scroll of torment.
   217 | D:2      | 217 ||| DROPPING scroll of fog.
   611 | D:1      | HP: 1/16 [gnoll/+0 spear (5)]
   614 | D:1      | Reached XP level 3. HP: 2/20 MP: 5/5
   867 | D:1      | 867 ||| UPGRADING to +0 scale mail.
   877 | D:1      | 877 ||| DROPPING +0 leather armour.
   878 | D:1      | 878 ||| UPGRADING to +0 ring mail.
   888 | D:1      | 888 ||| DROPPING +0 scale mail.
   889 | D:1      | 889 ||| READING scroll labelled SADDACROGO.
   889 | D:1      | Identified a scroll of acquirement
   889 | D:1      | 889 ||| ACQUIRING 702 gold pieces
   889 | D:1      | Acquired 702 gold pieces
   890 | D:1      | 890 ||| READING 2 scrolls labelled GOSIOTRASH.
   890 | D:1      | 890 ||| IDENTIFYING silvery potion
   891 | D:1      | 891 ||| READING scroll of identify.
   891 | D:1      | 891 ||| IDENTIFYING clear potion
   892 | D:1      | 892 ||| READING scroll labelled YXITZU LIERGHAJ.
   892 | D:1      | 892 ||| BRANDING +0 shortbow.
   964 | D:2      | Reached skill level 7 in Ranged Weapons
  1001 | D:2      | Reached XP level 4. HP: 10/25 MP: 6/6
  1125 | D:2      | Reached skill level 8 in Ranged Weapons
  1507 | D:3      | Reached XP level 5. HP: 28/29 MP: 7/7
  1818 | D:3      | 1818 ||| FLEEEEING.
  1819 | D:3      | 1819 ||| FLEEEEING.
  1820 | D:3      | 1820 ||| FLEEEEING.
  1821 | D:3      | 1821 ||| FLEEEEING.
  1822 | D:3      | 1822 ||| FLEEEEING.
  1823 | D:3      | 1823 ||| FLEEEEING.
  1826 | D:3      | 1826 ||| FLEEEEING.
  1827 | D:3      | 1827 ||| FLEEEEING.
  1828 | D:3      | 1828 ||| FLEEEEING.
  1829 | D:3      | 1829 ||| FLEEEEING.
  1830 | D:3      | 1830 ||| FLEEEEING.
  1831 | D:3      | 1831 ||| FLEEEEING.
  1832 | D:3      | 1832 ||| FLEEEEING.
  1833 | D:3      | 1833 ||| FLEEEEING.
  1834 | D:3      | 1834 ||| FLEEEEING.
  1835 | D:3      | 1835 ||| FLEEEEING.
  1836 | D:3      | 1836 ||| FLEEEEING.
  1837 | D:3      | 1837 ||| FLEEEEING.
  1841 | D:3      | 1841 ||| FLEEEEING.
  1842 | D:3      | 1842 ||| FLEEEEING.
  1842 | D:3      | Killed from afar by an orc priest

Levels and vault maps discovered:
D:1:      minmay_arrival_plants_in_alcoves, layout_basic,
          kennysheep_small_spiral, minmay_splitting_lines,
          hangedman_decor_growths, nicolae_titane
D:2:      layout_basic, due_unseen_surprise
D:3:      layout_loops_ring

Skill      XL: |  1  2  3  4 |
---------------+-------------+-----
Ranged Weapons | 6 7 8 |  8.7
Fighting       | |  1.5
Dodging        | |  2.4
Stealth        | |  1.2

Action                     |  1- 3 |  4- 6 || total
---------------------------+-------+-------++-------
   Fire: Shortbow          |   100 |    84 ||   184
    Use: Scroll            |     6 |       ||     6
 Armour: Leather armour    |     9 |       ||     9
         Ring mail         |     7 |    22 ||    29
  Dodge: Dodged            |    14 |    33 ||    47

Table legend:
 A = Non-vault XP
 B = Vault XP
 C = Vault XP percentage of total XP
 D = Non-vault monster count
 E = Vault monster count
 F = Vault count percentage of total count
                 A         B        C        D         E       F
            +---------+---------+-------+---------+---------+-------
      Total |     239 |       0 |   0.0 |      62 |       0 |   0.0
            +---------+---------+-------+---------+---------+-------
        D:1 |      40 |       0 |   0.0 |      16 |       0 |   0.0
        D:2 |     140 |       0 |   0.0 |      27 |       0 |   0.0
        D:3 |      59 |       0 |   0.0 |      19 |       0 |   0.0
            +---------+---------+-------+---------+---------+-------
